Map: Traitor's Exile

Players

HockeyKraut

  • Race: Terran Terran
  • League: Gold
  • Spawn Location: 9:00

JinxDart

  • Race: Terran Terran
  • Spawn Location: 12:00

MonstroTown - Winner!

  • Race: Terran Terran
  • Spawn Location: 5:00

Michael - Winner!

  • Race: Zerg Zerg
  • League: Platinum
  • Spawn Location: 6:00

VOD

Have the link to the VOD?

Description

Time

  • Played on: Oct. 13, 2018, 6 p.m.
  • Length: 19:25
Show
View Real Time Build Order
Export as new Build Order

HockeyKraut Terran 

Build Orders:  

Get SALT Encoding   

  12  0:01  SCV  
  13  0:13  SCV  
  14  0:20  Supply Depot  
  14  0:25  SCV  
  15  0:45  SCV  
  16  0:51  Barracks  
  16  0:57  SCV  
  16  1:03  Barracks  
  17  1:10  SCV  
  18  1:13  Refinery  
  18  1:21  Supply Depot  
  18  1:24  SCV  
  19  1:33  Refinery  
  19  1:40  Orbital Command  
  19  1:47  Marine  
  19  1:52  Marine  
  21  2:05  Marine  
  22  2:11  Factory  
  21  2:17  SCV  
  21  2:18  Marine  
  23  2:29  SCV  
  24  2:36  Marine x2  
  26  2:41  SCV  
  27  2:53  SCV  
  27  2:54  Marine  
  29  2:59  Factory Tech Lab  
  29  3:04  Starport  
  29  3:14  Supply Depot  
  29  3:24  Supply Depot  
  29  3:35  Siege Tank  
  29  3:39  Marine  
  29  3:40  Marine  
  34  3:43  Medivac  
  34  3:46  SCV  
  37  3:49  Supply Depot  
  37  3:57  Marine  
  37  3:58  Marine  
  39  4:08  Hellion  
  39  4:09  Supply Depot  
  41  4:14  Medivac  
  41  4:15  Marine  
  41  4:16  Marine  
  45  4:27  Engineering Bay  
  45  4:29  Hellion  
  47  4:31  Liberator  
  47  4:32  Marine  
  47  4:35  Marine  
  49  4:48  Supply Depot  
  49  4:51  SCV  
  49  4:52  Marine, Hellion  
  56  5:02  Missile Turret x2  
  56  5:15  Siege Tank  
  59  5:22  Marine  
  59  5:23  Marine  
  61  5:36  Missile Turret  
  61  5:43  Viking  
  63  5:51  Command Center  
  43  6:11  Marine  
  43  6:12  Marine  
  43  6:15  Siege Tank  
  45  6:36  Missile Turret  
  45  6:40  Barracks  
  45  6:43  SCV  
  46  6:47  Siege Tank  
  49  7:00  Medivac  
  51  7:05  SCV  
  51  7:06  SCV  
  53  7:13  Armory  
  53  7:31  Barracks Tech Lab, Marine  
  54  7:49  Marine  
  50  7:58  Marine x2  
  49  8:00  Siege Tank  
  53  8:07  Marine  
  54  8:19  Marine  
  54  8:25  Marine  
  54  8:36  Medivac  
  54  8:37  Siege Tank  
  54  8:38  Marine x2  
  54  8:40  Stimpack  
  61  8:49  Orbital Command  
  61  8:58  SCV  
  62  9:08  Missile Turret  
  62  9:09  Siege Tank, Missile Turret  
  65  9:12  Marine x2  
  65  9:13  Marine  
  68  9:31  Marauder, Barracks Tech Lab  
  70  9:37  Medivac  
  72  9:40  Barracks Reactor  
  72  9:48  Refinery x2, SCV x2  
  74  9:57  Supply Depot x2  
  74  10:00  SCV, Hellion  
  77  10:07  Medivac  
  79  10:18  Command Center  
  79  10:28  Hellion  
  81  10:29  Marauder  
  81  10:31  Combat Shield  
  81  10:34  Missile Turret  
  81  10:35  Missile Turret, Marine x2  
  84  10:36  Marine  
  84  10:37  Missile Turret, Medivac  
  88  11:05  Marauder x2, Marine  
  88  11:06  Marine  
  88  11:07  Siege Tank  
  88  11:09  Viking  
  99  11:26  Marauder  
  101  11:44  Marine x2  
  101  11:45  Marine  
  101  11:46  Thor, Viking  
  112  11:49  SCV x2  
  114  12:01  SCV, Barracks  
  114  12:04  Barracks  
  114  12:07  Marauder  
  117  12:53  Missile Turret  
  117  13:03  Missile Turret  
  117  13:05  Missile Turret  
  117  13:06  Missile Turret  
  117  13:09  Missile Turret  
  117  13:22  Supply Depot  
  117  13:32  Supply Depot  
  117  13:37  Orbital Command  
  117  13:43  Marauder x2, Marine x2, Viking  
  117  13:44  Marine  
  117  13:45  SCV, Marine  
  117  13:48  SCV  
  125  13:53  Siege Tank  
  124  14:01  Marine  
  124  14:02  Marine  
  115  14:05  Marauder  
  88  14:23  Marine x4  
  90  14:45  Marauder, Marine x5  
  93  14:47  Siege Tank  
  93  14:48  Medivac  
  79  15:02  Marine  
  79  15:03  Marine x4  
  79  15:06  Marine  
  85  15:10  Missile Turret x2  
  85  15:18  Viking  
  85  15:19  Thor  
  85  15:20  Marine x2  
  85  15:21  Marine x3  
  96  15:23  Refinery, SCV x2  
  96  15:24  Refinery, Marine  
  101  15:38  Marine x3  
  104  15:47  Marine x2  
  104  15:48  Marine  
  107  15:50  Viking  
  107  15:56  Marine x2  
  103  16:00  Terran Infantry Weapons Level 1  
  103  16:02  Thor  
  106  16:04  Armory  
  106  16:14  SCV x2  
  106  16:18  Engineering Bay, SCV  
  109  16:20  Marine x2, Viking  
  113  16:26  SCV x2  
  115  16:41  Starport  
  115  16:44  Barracks Tech Lab  
  115  16:45  Barracks Tech Lab, Factory  
  115  16:48  Starport  
  115  16:59  SCV x3  
  118  17:07  Missile Turret  
  118  17:10  Marine  
  118  17:11  Marauder x3, Marine  
  118  17:14  Marauder  
  128  17:28  Marine  
  128  17:29  Marine  
  126  17:31  Missile Turret x2  
  126  17:32  Marauder x2, Marine  
  126  17:34  Factory Tech Lab  
  126  17:35  Starport Tech Lab  
  126  17:36  Starport Reactor x2, Marauder  
  133  18:05  Supply Depot  
  133  18:06  Supply Depot  
  133  18:14  Marauder, Marine  
  133  18:15  Command Center  
  133  18:21  Marauder, SCV, Marine x2  
  133  18:22  Viking  
  133  18:23  Marauder, Thor, SCV  
  133  18:25  Thor  
  125  18:32  Marauder  
  99  18:35  Marine  
  99  18:39  Marine x2  
  68  18:42  Marauder  
  68  18:45  Marauder  
  69  18:52  Viking  
  69  18:53  Marauder, Marine  
  70  18:57  Marine x2  
  59  19:04  Marauder  
Show
View Real Time Build Order
Export as new Build Order

JinxDart Terran 

Build Orders: MMM Bio 

Get SALT Encoding   

  12  0:01  SCV  
  13  0:13  SCV  
  14  0:20  Supply Depot  
  14  0:25  SCV  
  15  0:31  Refinery  
  15  0:42  SCV  
  16  0:50  Barracks  
  16  0:54  SCV  
  17  1:06  SCV  
  17  1:10  Barracks  
  19  1:18  SCV  
  19  1:26  Supply Depot  
  19  1:30  SCV  
  20  1:37  Marine  
  21  1:44  Orbital Command  
  21  1:55  Refinery  
  21  1:57  Marine  
  22  2:03  Marine  
  23  2:14  SCV, Marine  
  25  2:20  Marine, Factory  
  26  2:31  Supply Depot  
  26  2:32  Marine  
  27  2:42  Marine  
  28  2:45  SCV  
  28  2:50  Marine  
  30  2:59  SCV  
  30  3:00  Marine  
  30  3:04  Engineering Bay  
  32  3:06  Factory Tech Lab  
  32  3:12  SCV  
  33  3:15  Marine  
  34  3:23  Starport  
  34  3:27  SCV  
  35  3:36  Marine  
  35  3:40  Barracks Tech Lab  
  36  3:45  Siege Tank  
  39  4:00  Missile Turret  
  39  4:03  Missile Turret  
  39  4:14  Supply Depot  
  39  4:21  Marine, Medivac  
  39  4:23  Supply Depot  
  42  4:24  Siege Tank  
  42  4:29  SCV  
  46  4:32  Marine  
  47  4:38  Marine  
  47  4:40  Stimpack  
  47  4:41  SCV  
  49  4:51  Medivac  
  51  4:53  SCV  
  51  4:55  Marine  
  53  5:11  Command Center  
  53  5:13  Marine x2  
  55  5:16  Widow Mine  
  57  5:52  Marine x2  
  59  6:09  Marine  
  59  6:10  Marine  
  49  6:31  SCV  
  43  6:38  Starport Tech Lab  
  43  6:43  SCV  
  43  6:45  Starport  
  43  6:46  Marine x2  
  46  6:51  Siege Tank  
  49  6:54  Starport  
  49  6:58  Banshee  
  49  6:59  Cloaking Field  
  52  7:03  SCV  
  53  7:10  Combat Shield  
  53  7:14  Barracks  
  53  7:17  Barracks, Marine x2  
  53  7:22  Planetary Fortress  
  55  7:23  Siege Tank  
  55  7:26  Starport Tech Lab  
  58  7:32  Starport Tech Lab  
  58  7:35  Marine x2  
  60  7:41  Fusion Core  
  60  7:52  Marine  
  61  8:06  Marine x2  
  63  8:15  SCV  
  64  8:21  SCV  
  65  8:28  SCV  
  65  8:33  SCV  
  67  8:35  Missile Turret  
  67  8:37  Refinery  
  67  8:38  Missile Turret  
  67  8:40  SCV  
  68  8:46  Banshee  
  71  8:57  Marine x2  
  71  8:58  Marine x2  
  75  9:11  Weapon Refit  
  75  9:14  SCV x2  
  75  9:15  Marine  
  78  9:23  Supply Depot  
  78  9:27  Supply Depot  
  78  9:44  Banshee, Marine x4  
  85  9:46  Sensor Tower  
  85  9:48  Supply Depot, Banshee  
  85  9:50  Refinery  
  88  9:59  SCV x2  
  90  10:00  Missile Turret x2  
  90  10:09  Banshee  
  90  10:12  SCV x2  
  95  10:22  Siege Tank  
  95  10:24  SCV  
  95  10:25  SCV, Marine x2  
  102  10:33  Marine x2  
  104  10:37  Supply Depot  
  104  10:39  Supply Depot  
  104  10:46  Marine x2  
  106  10:51  SCV x2  
  108  10:58  Siege Tank  
  108  11:02  Supply Depot  
  111  11:06  Command Center  
  111  11:32  Battlecruiser  
  117  11:33  Supply Depot  
  117  11:35  Supply Depot  
  117  11:37  Supply Depot  
  117  11:48  Battlecruiser  
  117  11:50  SCV x2  
  125  12:40  Battlecruiser x2  
  137  12:59  Battlecruiser  
  139  13:39  SCV x2  
  141  13:44  Battlecruiser  
  147  13:51  SCV x2  
  147  13:53  Missile Turret x2  
  147  13:54  Missile Turret x2  
  147  13:55  Missile Turret  
  149  13:58  Missile Turret  
  149  14:01  Missile Turret x2  
  146  14:04  Missile Turret  
  134  14:47  Battlecruiser x2  
  134  14:48  Battlecruiser  
  134  14:49  Marine x3  
  137  15:37  Marine  
  137  15:38  Marine x2  
  140  15:44  Refinery  
  140  15:47  Refinery  
  140  15:52  Battlecruiser  
  140  15:53  Missile Turret  
  140  15:54  Missile Turret  
  146  15:57  Missile Turret  
  146  16:05  Armory  
  146  16:08  Armory  
  146  16:13  Hi-Sec Auto Tracking  
  146  16:14  Marine x2  
  146  16:15  Marine  
  149  16:41  Battlecruiser  
  155  16:48  Battlecruiser  
  161  16:59  Supply Depot  
  161  17:06  Terran Ship Weapons Level 1  
  161  17:09  Terran Vehicle And Ship Armor Level 1  
  161  17:22  Supply Depot  
  161  17:33  Battlecruiser  
  167  17:45  Supply Depot  
Show
View Real Time Build Order
Export as new Build Order

MonstroTown Terran - Winner!

Build Orders: MMM Bio 

Get SALT Encoding   

  12  0:01  SCV  
  13  0:13  SCV  
  14  0:18  Supply Depot  
  14  0:25  SCV  
  15  0:40  SCV  
  15  0:41  Barracks  
  16  0:47  Refinery  
  16  0:52  SCV  
  18  1:04  SCV  
  18  1:09  Barracks  
  18  1:16  SCV  
  20  1:33  Orbital Command  
  20  1:34  Reaper  
  20  1:44  Refinery  
  20  1:57  Barracks Tech Lab  
  20  2:00  SCV  
  21  2:03  Supply Depot  
  21  2:12  SCV  
  22  2:24  Stimpack, SCV  
  22  2:25  Marauder  
  24  2:46  SCV  
  24  2:50  Factory  
  25  2:51  Barracks  
  25  2:55  Barracks Reactor  
  25  2:59  Marauder  
  25  3:04  Supply Depot  
  27  3:06  Engineering Bay  
  27  3:20  Marauder  
  27  3:24  SCV  
  30  3:32  Marine x2  
  32  3:41  SCV  
  32  3:42  Factory Tech Lab  
  32  3:45  Barracks Reactor  
  32  3:50  Starport  
  32  3:55  Missile Turret  
  32  3:56  Marine  
  32  3:57  Marine  
  32  4:01  Supply Depot  
  34  4:20  Command Center  
  34  4:28  Siege Tank  
  37  4:35  Medivac  
  37  4:37  Marine  
  40  4:47  Combat Shield  
  40  4:51  Marine  
  40  4:52  Marine x2  
  43  5:12  Bunker, Marine  
  43  5:13  Marine x3  
  47  5:15  Terran Infantry Weapons Level 1  
  47  5:20  Marine  
  48  5:31  Marine x2  
  48  5:32  Marine x2  
  52  5:38  Marine  
  53  5:49  Marine  
  54  5:58  Marine  
  54  6:00  Marine x3  
  48  6:04  Orbital Command  
  48  6:07  Marine  
  49  6:15  Refinery  
  43  6:30  Marine x2  
  43  6:31  Marine x3  
  43  6:32  Medivac  
  50  6:34  SCV  
  50  6:35  SCV  
  52  6:47  Supply Depot  
  52  6:51  Marine x2  
  52  6:52  Marine x3  
  57  6:55  SCV  
  58  7:04  Siege Tank  
  61  7:08  Starport Tech Lab  
  61  7:09  Marine  
  61  7:12  Engineering Bay  
  62  7:25  Marine x4  
  62  7:27  Marine  
  62  7:29  SCV x2  
  69  7:39  Raven  
  69  7:41  SCV x2  
  73  8:06  Command Center  
  73  8:10  Sensor Tower  
  73  8:13  Marine x2  
  73  8:14  Marine x2  
  77  8:21  Supply Depot  
  77  8:27  Missile Turret  
  77  8:28  Medivac  
  79  8:40  Marine x3  
  79  8:41  Marine x2  
  84  8:47  SCV x2  
  86  8:58  Marine  
  86  8:59  SCV x2  
  89  9:11  Supply Depot, SCV x2  
  91  9:21  Marine x4  
  91  9:22  Marine  
  91  9:23  SCV x2  
  98  9:28  Siege Tank, Medivac  
  103  9:31  Orbital Command  
  103  9:36  Missile Turret  
  103  9:41  SCV  
  103  9:45  Refinery  
  104  9:53  SCV x2  
  104  9:56  Marine  
  104  9:57  Marine  
  108  10:04  Refinery  
  108  10:05  SCV x3  
  111  10:07  Refinery  
  111  10:13  Terran Infantry Armor Level 1  
  111  10:18  Marine x2  
  111  10:19  Armory, Marine x3  
  116  10:28  SCV  
  117  10:36  Supply Depot x2  
  117  10:55  Supply Depot  
  117  10:56  Supply Depot  
  117  10:57  Siege Tank, SCV x3, Marine x3  
  126  11:09  SCV x3  
  129  11:16  Fusion Core  
  129  11:21  SCV x3  
  129  11:24  Marine x3  
  129  11:25  Marine x2  
  137  11:42  Marine x3  
  137  11:44  Barracks  
  137  11:45  Barracks  
  137  11:46  Marine  
  137  11:47  Marine, Barracks  
  141  11:49  Barracks x2  
  141  11:51  Barracks  
  142  12:03  Marine x2  
  142  12:04  Marine x2  
  146  12:10  Terran Infantry Armor Level 2, Terran Infantry Weapons Level 2  
  146  12:15  Marine  
  146  12:21  Marine  
  146  12:42  Missile Turret  
  146  12:43  Missile Turret  
  146  12:45  Missile Turret x2  
  145  12:53  Missile Turret  
  145  12:54  Missile Turret  
  145  12:56  Barracks Reactor x3  
  145  12:57  Marine x2, Barracks Reactor  
  145  12:58  Marine x3  
  145  13:03  Battlecruiser  
  140  13:06  Weapon Refit  
  140  13:13  Missile Turret x2  
  140  13:15  Missile Turret, Marine x2  
  140  13:16  Marine  
  143  13:33  Marine x3  
  143  13:34  Marine  
  134  14:07  Battlecruiser  
  101  14:10  Marine  
  101  14:11  Marine x5  
  101  14:12  Marine x7  
  93  14:23  Siege Tank  
  96  14:28  Marine x2  
  96  14:29  Marine x4  
  96  14:30  Marine x7  
  109  14:46  Marine x3  
  109  14:47  Marine x4  
  109  14:48  Marine x3  
  95  15:08  Marine x5  
  95  15:09  Marine x2  
  96  15:22  SCV x3  
  99  15:34  SCV x3  
  102  15:38  Battlecruiser  
  102  15:39  Thor  
  102  15:40  Marine x2  
  116  15:46  Command Center  
  115  16:09  Marine x7  
  115  16:10  Marine x6  
  128  16:26  Marine  
  128  16:27  Marine x3  
  128  16:28  Marine  
  133  16:37  Marine x2  
  133  16:39  Marine x4  
  138  16:40  Marine x2  
  138  16:44  Marine  
  138  16:45  Marine  
  138  16:46  Battlecruiser  
  149  17:11  Marine x3  
  149  17:12  Marine x6  
  149  17:13  Marine x4  
  162  17:54  Marine x3  
  162  17:55  Marine x6  
  162  17:56  Marine  
  172  17:59  Supply Depot  
  172  18:03  Supply Depot  
  172  18:04  Supply Depot x2  
  172  18:05  Supply Depot  
  172  18:15  Marine x3  
  172  18:16  Marine  
  163  18:25  Marine x3  
  163  18:26  Marine x6  
  160  18:32  Marine  
  160  18:33  Marine  
  138  18:53  Marine  
  138  18:54  Marine x5  
  131  19:01  Marine x3  
  131  19:02  Marine x3  
Show
View Real Time Build Order
Export as new Build Order

Michael Zerg - Winner!

Build Orders: Pool First 

Get SALT Encoding   

  12  0:01  Drone  
  13  0:12  Overlord  
  13  0:18  Drone  
  14  0:31  Drone x2  
  14  0:35  Drone  
  17  0:41  Extractor  
  16  0:45  Drone  
  17  0:52  Spawning Pool  
  17  0:56  Drone  
  17  1:07  Drone  
  18  1:24  Hatchery  
  17  1:26  Drone  
  18  1:39  Queen  
  20  1:46  Metabolic Boost  
  20  1:51  Zergling x2  
  21  1:55  Zergling x2  
  22  2:01  Overlord  
  22  2:19  Queen  
  24  2:26  Drone x3  
  27  2:52  Baneling Nest  
  27  2:58  Zergling x6  
  27  2:59  Zergling x2  
  27  3:00  Overlord  
  30  3:07  Zergling x4  
  30  3:08  Zergling x2  
  33  3:15  Lair  
  33  3:26  Drone x3  
  36  3:29  Zergling x2  
  37  3:36  Baneling x4  
  37  3:37  Baneling  
  37  3:40  Drone  
  38  3:43  Drone  
  38  3:46  Drone  
  40  3:52  Overlord  
  40  4:05  Queen  
  40  4:06  Overlord  
  42  4:11  Drone x2  
  42  4:14  Drone  
  42  4:16  Zergling x2  
  46  4:18  Zergling x2  
  47  4:25  Centrifical Hooks  
  47  4:28  Drone  
  47  4:30  Drone  
  49  4:32  Drone  
  50  4:39  Queen  
  52  4:52  Drone x6  
  58  4:55  Extractor  
  58  4:56  Extractor  
  56  5:01  Spine Crawler  
  56  5:04  Spore Crawler  
  54  5:09  Drone x3  
  54  5:11  Drone  
  54  5:12  Drone  
  59  5:18  Extractor  
  58  5:25  Spore Crawler, Evolution Chamber  
  56  5:33  Spire  
  55  5:36  Spine Crawler  
  55  5:42  Drone x3  
  57  5:52  Infestation Pit  
  51  6:08  Zergling x2  
  51  6:09  Zergling x14  
  53  6:27  Spore Crawler  
  53  6:30  Queen  
  52  6:39  Hatchery  
  48  6:57  Baneling x4  
  48  6:58  Baneling x2  
  48  6:59  Baneling x5  
  48  7:00  Baneling x2  
  48  7:01  Zergling x2  
  48  7:02  Zergling x2  
  49  7:22  Drone x4  
  53  7:30  Drone x6  
  59  7:38  Hive  
  59  7:42  Overlord  
  48  8:01  Drone x7  
  51  8:12  Drone x7  
  58  8:13  Drone  
  58  8:18  Queen  
  61  8:22  Zergling x2  
  61  8:23  Zergling x2  
  63  8:29  Zergling x6  
  66  8:34  Zerg Ground Armor Level 1  
  66  8:36  Zergling x2  
  66  8:37  Zergling x2  
  66  8:39  Zergling x2  
  66  8:41  Overlord  
  69  8:43  Overlord  
  69  8:54  Extractor, Queen  
  69  8:55  Extractor  
  69  8:56  Spore Crawler x2  
  69  8:59  Spine Crawler  
  69  9:02  Spore Crawler  
  65  9:07  Queen  
  67  9:11  Greater Spire  
  67  9:13  Adrenal Glands  
  67  9:15  Zergling x4  
  69  9:17  Zergling x2  
  70  9:26  Zergling x2  
  71  9:38  Evolution Chamber  
  70  9:39  Drone x3  
  70  9:41  Drone x3  
  76  9:46  Queen  
  76  9:47  Queen  
  76  9:48  Queen  
  82  10:03  Corruptor x4  
  90  10:09  Overlord x2  
  90  10:11  Overlord  
  90  10:27  Spine Crawler x2  
  88  10:44  Drone x4  
  88  10:48  Hatchery  
  88  10:49  Zerg Flyer Armor Level 1  
  91  10:52  Corruptor x2  
  95  10:57  Brood Lord  
  95  10:59  Brood Lord  
  99  11:09  Queen x2  
  103  11:13  Queen  
  106  11:37  Baneling x3  
  106  11:38  Brood Lord  
  106  11:39  Brood Lord x3  
  114  11:42  Overlord x5  
  114  11:51  Overseer  
  114  11:53  Pneumatized Carapace  
  114  11:56  Overlord x3  
  114  12:03  Corruptor  
  114  12:04  Corruptor  
  118  12:28  Queen x2  
  118  12:29  Corruptor  
  122  12:30  Corruptor x2  
  122  12:32  Corruptor  
  130  12:37  Corruptor  
  130  12:42  Corruptor  
  134  12:55  Corruptor  
  134  12:56  Corruptor x2  
  140  13:18  Corruptor  
  142  13:25  Hatchery  
  142  13:26  Hatchery  
  136  13:29  Corruptor x2  
  130  14:21  Corruptor x11  
  133  14:49  Corruptor x5  
  133  14:50  Corruptor x2  
  147  15:01  Queen  
  147  15:04  Corruptor x2  
  147  15:05  Corruptor  
  155  15:19  Zergling x2  
  155  15:20  Zergling x12  
  162  15:23  Zerg Melee Weapons Level 1  
  162  15:31  Zerg Ground Armor Level 2  
  162  15:56  Corruptor x3  
  168  16:19  Brood Lord x3  
  168  16:20  Brood Lord  
  168  16:22  Overlord x3  
  176  16:42  Brood Lord x5  
  176  16:44  Brood Lord  
  188  16:49  Brood Lord  
  188  16:53  Corruptor  
  192  17:38  Spore Crawler  
  191  17:49  Overlord x2  
  191  17:50  Overlord  
  191  17:51  Overlord  
  191  17:54  Drone  
  192  18:09  Zergling x6  
  192  18:10  Zergling x10  
  190  18:34  Corruptor x7  
Tags
 
Add a new tag
Caveats
  • Supply blocks, unpowered buildings, or Contaminate may cause inaccurate times.
  • Supply counts are checked every 10 seconds.